Map: Wieczny Sen ER

Players

rotab

  • Race: Zerg Zerg
  • League: Master
  • Spawn Location: 7:00

Krystianer - Winner!

  • Race: Protoss Protoss
  • League: Grandmaster
  • Spawn Location: 1:00

VOD

Have the link to the VOD?

Description

Time

  • Played on: June 7, 2020, 5:59 a.m.
  • Length: 10:08
Show
View Real Time Build Order
Export as new Build Order

rotab Zerg 

Build Orders: Hatch First 

Get SALT Encoding   

  12  0:00  Drone  
  13  0:08  Drone  
  14  0:16  Overlord  
  14  0:24  Drone, Extractor  
  15  0:34  Drone  
  16  0:47  Hatchery  
  15  0:50  Drone  
  15  0:54  Drone  
  17  0:57  Drone  
  18  1:08  Extractor  
  17  1:12  Spawning Pool  
  17  1:15  Drone  
  17  1:19  Drone  
  18  1:27  Drone  
  19  1:37  Drone  
  20  1:47  Overlord  
  20  1:59  Queen x2  
  20  2:00  Zergling x4  
  26  2:09  Drone  
  26  2:11  Metabolic Boost, Drone  
  28  2:21  Drone x2  
  30  2:34  Drone x2  
  32  2:37  Hatchery  
  32  2:43  Zergling x2  
  31  2:46  Queen  
  33  2:51  Overlord  
  33  2:55  Drone x2  
  35  3:04  Zergling x2  
  36  3:10  Spore Crawler  
  36  3:11  Drone x3  
  38  3:14  Drone x3  
  38  3:17  Drone  
  41  3:21  Drone x2  
  43  3:29  Overlord x2  
  43  3:36  Extractor  
  43  3:39  Drone  
  43  3:48  Drone x2  
  44  3:56  Zergling x6  
  44  3:58  Zergling x2  
  44  3:59  Drone x4  
  52  4:06  Roach Warren  
  50  4:12  Queen  
  50  4:13  Drone x2  
  50  4:14  Drone  
  55  4:17  Lair, Overlord  
  55  4:19  Drone x2  
  55  4:22  Zergling x6  
  60  4:32  Zergling x6  
  60  4:35  Overlord  
  63  4:43  Overlord  
  63  4:45  Drone x3  
  66  4:50  Drone x3  
  67  4:54  Drone x3  
  67  4:56  Zergling x2  
  67  4:57  Zergling x2  
  67  4:58  Overlord  
  71  5:02  Drone  
  71  5:05  Evolution Chamber  
  71  5:06  Drone  
  72  5:14  Drone  
  72  5:15  Drone x2  
  72  5:20  Overlord  
  72  5:22  Overlord  
  72  5:24  Queen  
  72  5:25  Overlord  
  72  5:26  Drone x2, Queen, Glial Reconstitution  
  78  5:29  Overlord  
  78  5:31  Extractor  
  78  5:34  Overlord  
  77  5:37  Drone  
  77  5:41  Extractor  
  77  5:42  Drone  
  77  5:43  Infestation Pit  
  77  5:46  Drone x2  
  77  5:49  Drone x2  
  80  5:50  Drone x2, Spore Crawler, Extractor  
  81  5:57  Drone  
  81  6:00  Drone  
  78  6:04  Overlord  
  78  6:07  Roach x4  
  78  6:10  Zerg Missile Weapons Level 1  
  82  6:12  Drone x2  
  82  6:13  Drone  
  82  6:16  Drone  
  86  6:18  Extractor  
  86  6:20  Roach  
  86  6:21  Roach  
  86  6:23  Hive  
  86  6:25  Roach x3  
  95  6:28  Hatchery  
  94  6:33  Roach x2  
  98  6:40  Roach x2  
  98  6:41  Roach  
  104  6:50  Overlord x2  
  104  6:51  Roach x4  
  104  6:52  Overlord, Ravager x2  
  104  6:54  Overlord  
  114  6:57  Overlord  
  114  6:58  Overlord  
  114  7:00  Overlord, Roach x4  
  122  7:03  Unknown  
  121  7:15  Roach x2  
  125  7:22  Overlord  
  125  7:24  Roach x3  
  129  7:37  Overlord  
  129  7:39  Viper x3  
  138  7:44  Drone x3  
  138  7:47  Drone x4  
  145  7:51  Overlord x2  
  145  7:53  Drone x2  
  147  7:58  Roach  
  147  7:59  Roach x3  
  147  8:00  Drone x4  
  147  8:02  Overseer  
  159  8:11  Roach x2  
  159  8:12  Roach  
  163  8:13  Roach x3  
  163  8:14  Roach  
  163  8:15  Overlord  
  171  8:23  Roach  
  171  8:24  Roach x3  
  170  8:39  Roach  
  170  8:40  Roach x6  
  149  8:45  Roach x4  
  149  8:47  Roach  
  149  8:48  Roach x6  
  131  8:56  Roach x2  
  131  8:57  Queen x2  
  133  9:06  Roach x4  
  125  9:10  Roach x4  
  125  9:15  Roach x2  
  121  9:19  Roach x2  
  121  9:21  Roach  
  111  9:26  Roach x2  
  111  9:27  Roach  
  111  9:31  Zergling x4  
  115  9:37  Zergling x4  
  115  9:38  Zergling x6  
  111  9:39  Zergling x2  
  96  9:46  Zergling x6  
Show
View Real Time Build Order
Export as new Build Order

Krystianer Protoss - Winner!

Build Orders: 1 Gate Expand, Zealot Archon, Colossus Rush 

Get SALT Encoding   

  12  0:00  Probe  
  13  0:12  Probe  
  14  0:17  Pylon  
  14  0:24  Probe (Chrono Boost)  
  15  0:36  Probe (Chrono Boost)  
  15  0:40  Gateway  
  16  0:45  Probe (Chrono Boost)  
  16  0:48  Assimilator  
  17  0:51  Probe  
  18  1:03  Probe  
  19  1:15  Probe  
  20  1:23  Nexus  
  20  1:33  Cybernetics Core  
  20  1:35  Probe  
  21  1:40  Assimilator  
  21  1:47  Probe  
  21  1:52  Pylon  
  22  2:00  Probe  
  23  2:07  Adept (Chrono Boost)  
  23  2:12  Probe  
  23  2:14  Warp Gate  
  26  2:19  Robotics Facility  
  26  2:24  Probe (Chrono Boost)  
  27  2:30  Stalker  
  27  2:36  Probe x2 (Chrono Boost)  
  33  2:44  Probe x2 (Chrono Boost)  
  33  2:49  Probe (Chrono Boost)  
  33  2:50  Probe  
  35  3:01  Probe  
  35  3:02  Probe  
  37  3:13  Probe  
  36  3:20  Robotics Bay  
  36  3:21  Warp Prism, Gateway  
  36  3:22  Probe (Chrono Boost)  
  41  3:28  Probe (Chrono Boost)  
  41  3:33  Pylon  
  42  3:35  Assimilator  
  42  3:40  Probe x2 (Chrono Boost), Assimilator  
  44  3:45  Probe (Chrono Boost)  
  44  3:47  Probe (Chrono Boost)  
  44  3:54  Probe  
  45  3:58  Probe  
  45  4:02  Adept  
  48  4:03  Colossus (Chrono Boost)  
  48  4:07  Pylon  
  48  4:08  Gravitic Drive  
  54  4:18  Pylon  
  54  4:21  Gateway  
  54  4:25  Probe x2  
  54  4:27  Adept x2  
  60  4:50  Adept  
  60  4:51  Probe  
  60  5:01  Pylon  
  60  5:03  Nexus  
  60  5:06  Probe  
  61  5:13  Colossus (Chrono Boost)  
  67  5:25  Gateway x2  
  67  5:26  Twilight Council  
  67  5:27  Forge  
  67  5:30  Probe  
  67  5:31  Probe  
  69  5:35  Zealot  
  69  5:36  Zealot  
  69  5:38  Sentry  
  75  5:50  Gateway  
  75  5:51  Probe x2 (Chrono Boost)  
  75  5:55  Gateway  
  77  5:57  Pylon  
  77  6:01  Zealot  
  77  6:02  Probe (Chrono Boost)  
  77  6:03  Probe (Chrono Boost)  
  78  6:05  Protoss Ground Weapons Level 1 (Chrono Boost), Charge (Chrono Boost)  
  78  6:14  Templar Archives  
  78  6:15  Probe (Chrono Boost)  
  78  6:18  Assimilator  
  81  6:20  Probe x2 (Chrono Boost)  
  81  6:23  Assimilator  
  81  6:25  Probe (Chrono Boost)  
  82  6:28  Probe x2 (Chrono Boost)  
  82  6:30  Probe (Chrono Boost)  
  82  6:31  Gateway  
  85  6:34  Pylon  
  85  6:39  Probe x2  
  87  6:42  Probe  
  87  6:43  Pylon, Immortal (Chrono Boost)  
  92  6:55  High Templar x3  
  92  6:56  High Templar x3  
  92  6:58  Pylon  
  92  6:59  Archon  
  92  7:00  Archon x2  
  104  7:01  Pylon  
  104  7:05  Zealot  
  106  7:08  Pylon  
  106  7:10  Pylon  
  110  7:20  Pylon  
  110  7:22  Disruptor  
  109  7:40  High Templar x3  
  109  7:41  High Templar, Zealot  
  109  7:42  Zealot x3  
  125  7:47  Archon  
  125  7:48  Archon  
  125  7:51  Pylon  
  125  7:52  Nexus  
  125  7:54  Pylon  
  125  7:55  Disruptor (Chrono Boost)  
  125  7:58  Probe  
  126  8:00  Probe  
  130  8:09  Stalker  
  130  8:10  Stalker x2  
  130  8:11  Zealot  
  138  8:13  Zealot x2  
  138  8:14  Probe  
  141  8:26  Stalker x2  
  139  8:38  Zealot  
  139  8:39  Zealot x5  
  139  8:40  Probe  
  137  8:43  Probe  
  122  8:54  Disruptor (Chrono Boost), Zealot  
  122  8:55  Zealot  
  107  9:06  Stalker x2  
  107  9:07  Stalker x2  
  109  9:13  Zealot x2  
  109  9:14  Probe  
  103  9:20  Probe  
  96  9:30  Zealot x6  
  106  9:33  Probe  
  106  9:36  Stalker  
  101  9:38  Probe  
  101  9:40  Zealot  
  96  9:51  Zealot x5  
  96  9:52  Zealot  
  104  9:58  Zealot x3  
  104  9:59  Zealot x3  
  94  10:02  Zealot x2  
Tags
 
Add a new tag
Caveats
  • Supply blocks, unpowered buildings, or Contaminate may cause inaccurate times.
  • Supply counts are checked every 10 seconds.